 Dungeon Crawl Stone Soup version 0.24.0-13-gcf9b3192b9 (webtiles) character file.

Game seed: 7034988516177445739, levelgen mode: deterministic

4528 Delamore the Severer (level 10, -2/77 HPs)
             Began as a Hill Orc Fighter on Nov 10, 2019.
             Was a Follower of Okawaru.
             Slain by a bullfrog (5 damage)
             ... on level 7 of the Dungeon.
             The game lasted 00:15:46 (9075 turns).

Delamore the Severer (Hill Orc Fighter)             Turns: 9075, Time: 00:15:47

Health: -2/77      AC: 10    Str: 23    XL:     10   Next: 39%
Magic:  19/19      EV:  7    Int:  8    God:    Okawaru [*.....]
Gold:   123        SH:  9    Dex: 10    Spells: 9/9 levels left

rFire    . . .     SeeInvis .   a - +0 war axe (flame)
rCold    . . .     Gourm    .   c - +0 shield
rNeg     . . .     Faith    .   b - +0 scale mail
rPois    .         Spirit   .   k - +1 helmet
rElec    .         Reflect  .   (no cloak)
rCorr    .         Harm     .   (no gloves)
MR       .....                  r - +0 pair of boots
Stlth    ..........             (no amulet)
HPRegen  0.22/turn              x - ring of magical power
MPRegen  0.16/turn              (no ring)

@: starving, slowed, very slow
A: no striking features
a: Heroism, Renounce Religion


You were on level 7 of the Dungeon.
You worshipped Okawaru.
Okawaru was aware of your devotion.
You were starving.

You visited 2 branches of the dungeon, and saw 9 of its levels.
You also visited: Ossuary.

You collected 392 gold pieces.
You spent 269 gold pieces at shops.

Inventory:

Hand Weapons
 a - a +0 war axe of flaming (weapon)
Armour
 b - a +0 scale mail (worn)
 c - a +0 shield (worn)
 k - a +1 helmet (worn)
 r - a +0 pair of boots (worn)
 C - a +0 plate armour
Jewellery
 x - a ring of magical power (left hand)
Wands
 D - a wand of polymorph (16)
 F - a wand of random effects (30)
Scrolls
 g - 2 scrolls of fear
 h - 2 scrolls of amnesia
 i - 4 scrolls of teleportation
 l - a scroll of acquirement {unknown}
 m - 3 scrolls of blinking
 o - 3 scrolls of remove curse
 q - a scroll of identify
 t - 2 scrolls of fog
 y - 3 scrolls of enchant armour
 A - a scroll of random uselessness {unknown}
 E - a scroll of magic mapping
Potions
 d - 3 potions of might
 e - 2 potions of flight
 j - a potion of magic
 n - 2 potions of ambrosia
 p - 2 potions of lignification
 s - a potion of invisibility
 u - 3 potions of agility
 v - 5 potions of curing
 w - 2 potions of cancellation
 z - a potion of resistance
 B - 2 potions of berserk rage
Comestibles
 f - 15 rations


   Skills:
 - Level 3.6 Fighting
 + Level 17.9 Axes
 - Level 3.2 Armour
 - Level 3.2 Shields


You had 9 spell levels left.
You didn't know any spells.
Your spell library contained the following spells:

 Spells                   Type           Power        Failure   Level  Hunger
 Confusing Touch          Hex            #.....       99%         1    ##.....
 Shock                    Conj/Air       #...         99%         1    ##.....
 Swiftness                Chrm/Air       #.......     100%        2    ###....
 Confuse                  Hex            #.......     100%        3    ####...
 Gell's Gravitas          Tloc           #.........   100%        3    ####...
 Static Discharge         Conj/Air       #.......     100%        3    ####...
 Airstrike                Air            #.........   100%        4    #####..
 Petrify                  Tmut/Erth      #.......     100%        4    #####..
 Lightning Bolt           Conj/Air       #.........   100%        5    ######.
 Metabolic Englaciation   Hex/Ice        #.........   100%        5    ######.
 Yara's Violent Unravell  Hex/Tmut       #.........   100%        5    ######.


Dungeon Overview and Level Annotations

Branches:
Dungeon (8/15)             Temple (1/1) D:7         Ossuary (visited)
   Lair: D:8-11

Altars:
Cheibriados
Elyvilon
Okawaru
Qazlal
Trog
Wu Jian
Xom
Yredelemnul

Shops:
D:5 :*![!


Message History

The bullfrog hits you but does no damage.
Your shield and scale mail prevent you from hitting the bullfrog.
The bullfrog is severely wounded.
The bullfrog hits you but does no damage.
You hit the bullfrog but do no damage.
The bullfrog is severely wounded.
You block the bullfrog's attack.
The bullfrog hits you but does no damage.
Your shield and scale mail prevent you from hitting the bullfrog.
The bullfrog is severely wounded.
The bullfrog completely misses you. You block the bullfrog's attack.
You closely miss the bullfrog.
The bullfrog is severely wounded.
The bullfrog hits you.
* * * LOW HITPOINT WARNING * * *
The bullfrog hits you but does no damage.
You barely miss the bullfrog.
The bullfrog is severely wounded.
The bullfrog hits you.
You die...

.⌠.#
##.##.######..........
...# #..#.#
#.......... ...#
#..#.# #..........
.(## #....#
#.......... ### #.#..#
#.......... #.#..#
######..... #.#..#
#..... #.#)F# #.....
#..)@# ###### ######


You could see a bullfrog.

Vanquished Creatures
  A two-headed ogre (D:8)
  Pikel (D:7)
  A troll (D:5)
  Prince Ribbit (D:6)
  Sigmund (D:6)
  Eustachio (D:6)
  An orc warrior (D:6)
  2 ice beasts
  A black bear (D:6)
  2 slaves (D:7)
  An eye of draining (D:6)
  3 sky beasts
  3 centaurs (D:7)
  5 bullfrogs
  A water moccasin skeleton (D:7)
  2 scorpions (D:5)
  3 killer bees (D:7)
  6 howler monkeys
  3 centaur zombies (Ossuary)
  A bullfrog zombie (D:5)
  A quasit (D:7)
  An orc priest (D:7)
  A human zombie (Ossuary)
  A bullfrog skeleton (D:6)
  A centaur skeleton (D:6)
  A jelly (D:7)
  3 orc wizards
  3 iguanas (D:7)
  3 worker ants
  2 ogre zombies (Ossuary)
  A big kobold zombie (Ossuary)
  8 mummies
  9 adders
  A shadow imp (D:5)
  4 adder zombies (Ossuary)
  2 worms
  5 dart slugs
  5 leopard geckos
  21 orcs
  4 giant cockroaches
  9 goblins
  8 hobgoblins
  8 jackals
  4 quokkas
  8 frilled lizards
  2 goblin zombies
  7 hobgoblin zombies
  8 kobolds
  6 kobold zombies (Ossuary)
  5 quokka zombies (Ossuary)
  6 rats
  A rat zombie (Ossuary)
189 creatures vanquished.

Notes
Turn   | Place    | Note
-------+----------+-------------------------------------------
     0 | D:1      | Delamore the Hill Orc Fighter began the quest for the Orb.
     0 | D:1      | Reached XP level 1. HP: 19/19 MP: 1/1
    11 | D:1      | Reached skill level 3 in Axes
   124 | D:1      | Reached XP level 2. HP: 24/26 MP: 2/2
   160 | D:1      | Reached skill level 4 in Axes
   488 | D:1      | Reached XP level 3. HP: 31/31 MP: 3/3
   944 | D:2      | Reached skill level 5 in Axes
  1378 | D:2      | Reached XP level 4. HP: 39/39 MP: 4/4
  1755 | D:2      | Reached skill level 6 in Axes
  2122 | D:3      | Found a shimmering altar of Xom.
  2122 | D:3      | Found a shimmering altar of Xom.
  2122 | D:3      | Found a shimmering altar of Xom.
  2123 | D:3      | Found a shimmering altar of Xom.
  3037 | D:4      | Found a sand-covered staircase.
  3046 | Ossuary  | Entered an ossuary
  3078 | Ossuary  | Reached XP level 5. HP: 23/45 MP: 5/5
  3246 | Ossuary  | Reached skill level 7 in Axes
  3362 | Ossuary  | Reached skill level 8 in Axes
  3362 | Ossuary  | Reached XP level 6. HP: 45/51 MP: 6/6
  3421 | Ossuary  | HP: 2/51 [mummy (12)]
  3714 | Ossuary  | Reached skill level 9 in Axes
  4372 | D:4      | Reached XP level 7. HP: 55/57 MP: 7/7
  4604 | D:5      | Entered Level 5 of the Dungeon
  4651 | D:5      | Reached skill level 10 in Axes
  4807 | D:5      | Found Sym Uses's Distillery.
  4827 | D:5      | Bought a potion of cancellation for 96 gold pieces
  4827 | D:5      | Bought a potion of heal wounds for 60 gold pieces
  4827 | D:5      | Bought a potion of might for 48 gold pieces
  4902 | D:5      | Found Caabbus's General Store.
  5365 | D:5      | Found Ariosk's Distillery.
  5385 | D:5      | Reached skill level 11 in Axes
  5400 | D:5      | Bought a potion of berserk rage for 65 gold pieces
  5455 | D:5      | Found Poavidof's Armour Boutique.
  5608 | D:5      | Found Uphig's Book Shoppe.
  5669 | D:5      | Reached XP level 8. HP: 26/64 MP: 8/8
  5945 | D:6      | Noticed a troll
  5961 | D:5      | Killed a troll
  5961 | D:5      | Reached skill level 12 in Axes
  6239 | D:6      | Reached skill level 13 in Axes
  6464 | D:6      | Noticed Prince Ribbit
  6685 | D:6      | Noticed Eustachio
  6697 | D:6      | Killed Eustachio
  6697 | D:6      | Reached skill level 14 in Axes
  6697 | D:6      | Reached XP level 9. HP: 68/70 MP: 9/9
  7004 | D:6      | Killed Prince Ribbit
  7005 | D:6      | Noticed Sigmund
  7025 | D:6      | Killed Sigmund
  7025 | D:6      | Reached skill level 15 in Axes
  7362 | D:7      | Noticed Pikel
  7375 | D:7      | Killed Pikel
  7407 | D:7      | Reached skill level 16 in Axes
  7912 | D:7      | Reached XP level 10. HP: 66/77 MP: 10/10
  8147 | D:7      | Reached skill level 17 in Axes
  8424 | D:7      | Found a staircase to the Ecumenical Temple.
  8430 | Temple   | Entered the Ecumenical Temple
  8447 | Temple   | Became a worshipper of Warmaster Okawaru
  8497 | D:8      | Noticed a two-headed ogre
  8821 | D:8      | Killed a two-headed ogre
  8821 | D:8      | Reached * piety under Okawaru
  9074 | D:7      | HP: 2/77 [bullfrog (4)]
  9075 | D:7      | Slain by a bullfrog

Levels and vault maps discovered:
D:1:      saegor_arrival_simple_c, layout_loops_ring, serial_rivers,
          chequers_serial_rivers_micro_a, chequers_serial_rivers_micro_d,
          chequers_serial_rivers_micro_b, chequers_serial_rivers_room_b,
          chequers_serial_rivers_large_a, chequers_serial_rivers_small_3
D:2:      layout_basic, first_ration
D:3:      layout_basic, serial_bayou_pond_e, nrook_mini_vaults, xom_redecorated
D:4:      layout_gridville, nicolae_ossuary_entry_giza
D:5:      layout_basic, serial_shops, shop, shop, shop,
          nicolae_shop_temple_entry_statues_fountains, nicolae_shop_crystal
D:6:      layout_rooms, uniq_sigmund, uniq_eustachio, uniq_prince_ribbit1
D:7:      layout_basic, temple_fountains, uniq_pikel
D:8:      layout_rooms, grunt_temple_overflow_open
Temple:   regret_index_temple_chain_breaker

Skill      XL: |  1  2  3  4  5  6  7  8  9 10 |
---------------+-------------------------------+-----
Axes           | 3 4 5 6 8 9 11 14 16 17 | 17.9
Fighting       | |  3.6
Armour         | |  3.2
Shields        | |  3.2

Action                   |  1- 3 |  4- 6 |  7- 9 | 10-12 || total
-------------------------+-------+-------+-------+-------++-------
Melee: War axe           |   150 |   256 |   322 |    82 ||   810
  Use: Scroll            |     5 |     7 |     5 |       ||    17
       Potion            |       |     3 |     5 |     2 ||    10
  Eat: Chunk             |     2 |     3 |    11 |     2 ||    18
       Ration            |       |     2 |       |       ||     2
Armor: Scale mail        |    62 |    73 |   106 |    34 ||   275
Dodge: Dodged            |    45 |    48 |    81 |    35 ||   209
Block: Shield            |    70 |    91 |   125 |    58 ||   344
